 Dungeon Crawl Stone Soup version 0.30-b1-2-g02819fbbbe (webtiles) character file.

Game seed: 14730872141598943678

3498 Mesmaeker13 the Protected (level 9, -12/82 HPs)
             Began as an Armataur Fighter on May 28, 2023.
             Mangled by a hornet (13 damage)
             ... on level 9 of the Dungeon.
             The game lasted 00:10:10 (7542 turns).

Mesmaeker13 the Protected (Armataur Fighter)        Turns: 7542, Time: 00:10:11

Health: -12/82     AC: 11    Str: 22    XL:     9   Next: 80%
Magic:  9/9        EV:  7    Int: 10    God:
Gold:   537        SH:  6    Dex: 12    Spells: 8/8 levels left

rFire   . . .        q - +1 demon trident (venom)
rCold   . . .        c - +0 buckler
rNeg    . . .        b - +0 scale mail
rPois   +            k - +2 helmet
rElec   .            (no cloak)
rCorr   .            (no gloves)
SInv    .            (no barding)
Will    .....        (no amulet) Stlth
                     r - +4 ring of slaying
HPRegen 0.33/turn    o - ring of poison resistance
MPRegen 0.11/turn

%: roll
@: attractive, slowed, very slow
A: large, rugged brown scales 3, deformed body, armoured tail, roll, long
tongue, awkward tongue
a: no special abilities


You were on level 9 of the Dungeon.
You visited 1 branch of the dungeon, and saw 9 of its levels.
You also visited: Sewer.

You collected 537 gold pieces.

Inventory:

Hand Weapons
 q - a +1 demon trident of venom (weapon)
 B - a +0 heavy war axe
 E - a +2 shortbow of electrocution
Missiles
 p - 24 poisoned darts
 z - 3 curare-tipped darts (quivered)
Armour
 b - a +0 scale mail (worn)
 c - a +0 buckler (worn)
 k - a +2 helmet (worn)
Jewellery
 o - a ring of poison resistance (right hand)
 r - a +4 ring of slaying (left hand)
 v - a ring of see invisible
 w - a +6 ring of strength
 F - a ring of protection from cold
 G - an amulet of faith
 H - a ring of ice
Wands
 m - a wand of acid (9)
Scrolls
 e - a scroll of poison {unknown}
 f - 3 scrolls of teleportation {unknown}
 h - 3 scrolls of enchant armour
 n - a scroll of silence {unknown}
 s - a scroll of immolation
 y - 3 scrolls of fear {unknown}
 A - 3 scrolls of noise {unknown}
 D - 3 scrolls of butterflies {unknown}
Potions
 a - 2 potions of attraction
 d - 3 potions of might
 g - 3 potions of curing
 i - a potion of degeneration {unknown}
 j - 2 potions of mutation {unknown}
 l - 4 potions of haste
 t - a potion of cancellation {unknown}
 u - 2 potions of heal wounds {unknown}
 x - a potion of invisibility {unknown}
 C - a potion of brilliance {unknown}


   Skills:
 + Level 6.3 Fighting
 - Level 2.5 Maces & Flails
 + Level 4.8 Polearms
 + Level 8.4 Armour
 - Level 1.1 Stealth
 + Level 7.6 Shields
 + Level 5.8 Evocations


You had 8 spell levels left.
You didn't know any spells.
Your spell library contained the following spells:

 Spells                   Type           Power      Damage    Failure   Level
 Kiss of Death            Conj/Necr      0%         2d5       71%         1
 Magic Dart               Conj           0%         1d3       71%         1
 Call Imp                 Summ           0%         N/A       83%         2
 Cigotuvi's Dreadful Rot  Necr/Pois/Air  0%         N/A       83%         2
 Confusing Touch          Hex            0%         N/A       97%         3
 Ignite Poison            Fire/Tmut/Pois 0%         N/A       97%         3
 Mephitic Cloud           Conj/Pois/Air  0%         N/A       97%         3
 Dispel Undead            Necr           0%         3d6       100%        4
 Freezing Cloud           Conj/Ice/Air   0%         6-21      100%        5


Dungeon Overview and Level Annotations

Branches:
Dungeon (9/15)             Temple (0/1) D:6           Sewer (visited)
   Lair: D:8-11         Orc: D:9-12

Altars:
Elyvilon
Fedhas
Hepliaklqana
Nemelex Xobeh
Trog
Uskayaw
Yredelemnul

Shops:
D:6 (


Innate Abilities, Weirdness & Mutations

You are completely covered in rugged brown scales. (AC +3, +7% HP)
Armour fits poorly on your strangely shaped body.
You have a long armoured tail.
You roll when moving toward enemies. (Rampage)
Your long tongue fully drains potion bottles. (2x potion effects)
Your tongue gives you trouble enunciating. (1.5x scroll delay)


Message History

Found three stone staircases leading down.
There is a stone staircase leading up here.
You barely miss the wyvern. The wyvern bites you!
You barely miss the wyvern. The wyvern bites you!
The wyvern bites you but does no damage.
The hornet stings you but does no damage.
Okay, then.
Okay, then.
You hit the wyvern.
The wyvern is poisoned.
The wyvern is lightly wounded.
The wyvern bites you! The hornet barely misses you. The wyvern bites you.
You hit the wyvern.
The wyvern looks as sick as possible!
Your tail-slap misses the wyvern.
The wyvern is moderately wounded.
The hornet barely misses you. The wyvern closely misses you.
The hornet stings you!
You puncture the wyvern!
The wyvern looks as sick as possible!
The wyvern is severely wounded.
The wyvern bites you! You block the hornet's attack. The wyvern bites you!
* * * LOW HITPOINT WARNING * * *
The hornet stings you!
* * * LOW HITPOINT WARNING * * *
You are poisoned.
You feel better.
You slurp down every last drop of the potion of curing!
The wyvern hisses menacingly.
The wyvern bites you!
* * * LOW HITPOINT WARNING * * *
The hornet stings you!
* * * LOW HITPOINT WARNING * * *
You feel yourself slow down.
Okay, then.
Okay, then.
It was a potion of attraction.
You feel attractive to monsters.
You slurp down every last drop of the potion of attraction!
The wyvern bites you but does no damage.
The hornet barely misses you. The wyvern closely misses you.
The hornet stings you!
You die...

#######
##.....##
######.......##
.....>........#
..............#
........l.....#
.......@>.....#
.......y......#
>....#.......##
.... .........#
... ..........#
.. ...........#
. .............
####..........


You could see a hornet and a wyvern (extremely poisoned).

Vanquished Creatures
  Grinder (D:6)
  A wraith (D:8)
  Eustachio (D:6)
  2 water moccasins (D:7)
  2 ice beasts (D:6)
  A black bear (D:7)
  A sky beast (D:6)
  4 ogres
  3 centaurs
  A phantom (D:4)
  6 kobold brigands (Sewer)
  Blork the orc (D:6)
  2 bullfrogs
  3 scorpions
  A howler monkey (D:4)
  3 hounds
  5 jellies
  6 orc priests
  3 iguanas
  A sleepcap (D:6)
  6 orc wizards
  12 adders
  3 river rats
  A shadow imp (D:5)
  A white imp (D:6)
  8 worms
  A dart slug (D:1)
  25 orcs
  11 ball pythons
  19 endoplasms
  10 giant cockroaches
  11 goblins
  6 hobgoblins
  7 jackals
  4 kobolds
  2 quokkas
  3 bats
  4 frilled lizards
  6 rats
188 creatures vanquished.

Notes
Turn   | Place    | Note
-------+----------+-------------------------------------------
     0 | D:1      | Mesmaeker13 the Armataur Fighter began the quest for the
                  | Orb.
     0 | D:1      | Reached XP level 1. HP: 19/19 MP: 1/1
   189 | D:1      | Reached XP level 2. HP: 26/26 MP: 2/2
   351 | D:1      | Reached skill level 4 in Armour
   630 | D:1      | Found a faded altar of an unknown god.
   706 | D:1      | Reached XP level 3. HP: 33/33 MP: 3/3
  1285 | D:2      | Reached XP level 4. HP: 40/40 MP: 4/4
  1389 | D:2      | Reached skill level 1 in Stealth
  1854 | D:3      | Found a sparkling altar of Nemelex Xobeh.
  1977 | D:3      | Found a blossoming altar of Fedhas.
  2339 | D:4      | Noticed a phantom
  2351 | D:4      | Killed a phantom
  2352 | D:4      | Reached skill level 1 in Evocations
  2352 | D:4      | Reached XP level 5. HP: 42/48 MP: 5/5
  2400 | D:4      | Reached skill level 1 in Polearms
  2438 | D:4      | Reached skill level 5 in Armour
  2438 | D:4      | Reached XP level 6. HP: 55/55 MP: 6/6
  2607 | D:4      | Reached XP level 7. HP: 57/63 MP: 7/7
  2758 | D:4      | Reached skill level 5 in Shields
  3034 | D:5      | Entered Level 5 of the Dungeon
  3262 | D:5      | Found a glowing drain.
  3278 | Sewer    | Entered a sewer
  3306 | Sewer    | Reached skill level 6 in Armour
  3545 | Sewer    | Reached XP level 8. HP: 67/71 MP: 8/8
  3986 | D:5      | Reached skill level 5 in Fighting
  4620 | D:6      | Noticed Blork the orc
  4620 | D:6      | Noticed Eustachio
  4665 | D:6      | Found a white marble altar of Elyvilon.
  4677 | D:6      | Killed Blork the orc
  4678 | D:6      | Reached skill level 7 in Armour
  4688 | D:6      | Killed Eustachio
  4812 | D:6      | Reached XP level 9. HP: 79/79 MP: 9/9
  4924 | D:6      | Found a basalt altar of Yredelemnul.
  5181 | D:6      | Noticed Grinder
  5185 | D:6      | Killed Grinder
  5186 | D:6      | Reached skill level 5 in Evocations
  5209 | D:6      | Found a staircase to the Ecumenical Temple.
  5286 | D:6      | Found Muogodgh's Weapon Boutique.
  5492 | D:6      | Found a hide-covered altar of Uskayaw.
  5896 | D:6      | Found a hazy altar of Hepliaklqana.
  6123 | D:7      | Reached skill level 8 in Armour
  7416 | D:8      | Found a bloodstained altar of Trog.
  7541 | D:9      | HP: 1/82 [hornet (9)]
  7542 | D:9      | Mangled by a hornet

Illustrated notes

Levels and vault maps discovered:
D:1:      zelgadis_glass_arrival_small, layout_basic,
          ebering_ecumenical_altar_mist, roderic_lattice_a,
          minmay_worlds_worst_comb
D:2:      layout_basic
D:3:      layout_basic, mainiacjoe_overflow_catwalk,
          mainiacjoe_overflow_24_doors
D:4:      layout_loops_cross
D:5:      layout_cave_pods, portal_sewer_entry_a
D:6:      layout_loops_ring, lemuel_doored_altar, mainiacjoe_overflow_paths,
          marbit_many_paths, mainiacjoe_overflow_small_starburst, temple_pool_b,
          serial_shops, nicolae_shop_bloodbath_and_beyond, uniq_blork_the_orc,
          uniq_grinder, uniq_eustachio
D:7:      layout_loops_corners
D:8:      layout_cave_pools, mainiacjoe_overflow_surrounded_room,
          mainiacjoe_overflow_catch_the_wave
D:9:      layout_rooms, mainiacjoe_overflow_boulevard, uniq_psyche

Skill      XL: |  1  2  3  4  5  6  7  8  9 |
---------------+----------------------------+-----
Maces & Flails | 2 |  2.5
Armour         | 4 5 6 7 8 |  8.4
Fighting       | 3 4 5 6 |  6.3
Stealth        | 1 |  1.1
Shields        | 4 5 6 7 |  7.6
Evocations     | 1 2 3 4 5 |  5.8
Polearms       | 1 2 3 4 |  4.8

Action                     |  1- 3 |  4- 6 |  7- 9 || total
---------------------------+-------+-------+-------++-------
  Melee: Flail             |   109 |    47 |       ||   156
         Tailslap          |    13 |    12 |    29 ||    54
         Demon trident     |       |    64 |   286 ||   350
         Unarmed           |       |       |     3 ||     3
  Throw: Dart              |       |       |     1 ||     1
  Evoke: Wand              |       |       |     1 ||     1
    Use: Scroll            |       |     3 |     2 ||     5
         Potion            |       |       |     2 ||     2
 Armour: Scale mail        |    62 |    41 |    88 ||   191
  Dodge: Dodged            |    32 |    24 |    74 ||   130
  Block: Buckler           |    21 |    25 |    45 ||    91
